[ AOE2 MATCH · #483301460 ]
Team RMWei vs Vietnamese
[ REPLAY ANALYSIS · EXTRACTED FROM THE RECORDED GAME ]
Feudal
16:19
Castle
21:09
Imperial
35:02
| APM avg | 17.7 |
| APM peak | 48 |
| eAPM avg | 9.5 |
| Villagers / military | 115 / 0 |
Focus
⚔️ 18.7% · 🌾 81.3%
Unknown (1952) ×60 · Unknown (1949) ×45
Feudal
12:40
Castle
21:17
Imperial
38:46
| APM avg | 42.3 |
| APM peak | 87 |
| eAPM avg | 17.8 |
| Villagers / military | 126 / 234 |
Focus
⚔️ 27.7% · 🌾 72.3%
Knight ×115 · Spearman ×102 · Archer ×8 · Trebuchet (Packed) ×5 · Monk ×3 · Scout Cavalry ×1
Feudal
10:02
Castle
18:29
Imperial
31:36
| APM avg | 29.8 |
| APM peak | 59 |
| eAPM avg | 18.3 |
| Villagers / military | 135 / 163 |
Focus
⚔️ 21.5% · 🌾 78.5%
Spearman ×105 · Skirmisher ×30 · Cataphract ×19 · Trade Cart ×5 · Mangonel ×4 · Trebuchet (Packed) ×3
Feudal
11:51
Castle
17:44
Imperial
32:06
| APM avg | 17.1 |
| APM peak | 34 |
| eAPM avg | 11.0 |
| Villagers / military | 83 / 86 |
Focus
⚔️ 29.7% · 🌾 70.3%
Skirmisher ×26 · Archer ×21 · Battle Elephant ×12 · Knight ×11 · Spearman ×10 · Trade Cart ×3
Feudal
13:04
Castle
17:40
Imperial
33:36
| APM avg | 18.0 |
| APM peak | 50 |
| eAPM avg | 13.4 |
| Villagers / military | 158 / 202 |
Focus
⚔️ 26.3% · 🌾 73.7%
Spearman ×93 · Knight ×35 · Archer ×26 · Cavalry Archer ×21 · Skirmisher ×18 · Unknown (1260) ×15
Feudal
11:04
Castle
21:27
Imperial
33:33
| APM avg | 18.2 |
| APM peak | 74 |
| eAPM avg | 14.3 |
| Villagers / military | 142 / 61 |
Focus
⚔️ 18.6% · 🌾 81.4%
Camel Scout ×36 · Trade Cart ×25 · War Elephant ×14 · Mangonel ×3 · Spearman ×3 · Militia ×2
Match map
Initial resources + every placement click. Lines = walls · curves = elevation contours. ◆ gold · ⬟ stone · ● berries · ✦ relic · ◌ wall gap
Your base· ✓ Closed at 21:09 · 0t walls · 4 gate(s)
Yuanchi's base· ✓ Closed at 21:17 · 0t walls · 2 gate(s)
大表哥's base· ✓ Closed at 18:29 · 0t walls · 2 gate(s)
FootNewtons's base· ✓ Closed at 17:44 · 0t walls · 3 gate(s)
COCO's base· ✓ Closed at 17:40 · 0t walls · 2 gate(s)
Neo's base· ✓ Closed at 21:27 · 0t walls · 3 gate(s)
Smoothed initial terrain · ◌ = detected wall gap · hover for details
Inputs per minute
— PorT_BarroZo - - Yuanchi
Build order — PorT_BarroZo
First 150 of 297 actions detected
| 0:05 | Build | House |
| 0:06 | Create | Villager (Male) |
| 0:07 | Create | Villager (Male) |
| 0:07 | Create | Villager (Male) |
| 0:08 | Build | House |
| 0:10 | Build | House |
| 1:48 | Create | Villager (Male) |
| 1:49 | Create | Villager (Male) |
| 1:49 | Create | Villager (Male) |
| 2:05 | Create | Villager (Male) |
| 2:05 | Create | Villager (Male) |
| 2:45 | Create | Villager (Male) |
| 3:02 | Create | Villager (Male) |
| 3:03 | Create | Villager (Male) |
| 3:35 | Create | Villager (Male) |
| 3:36 | Create | Villager (Male) |
| 4:27 | Create | Villager (Male) |
| 4:27 | Create | Villager (Male) |
| 4:27 | Create | Villager (Male) |
| 4:28 | Create | Villager (Male) |
| 4:42 | Create | Villager (Male) |
| 4:42 | Create | Villager (Male) |
| 5:00 | Build | House |
| 5:01 | Build | House |
| 6:36 | Create | Villager (Male) |
| 6:36 | Create | Villager (Male) |
| 6:36 | Create | Villager (Male) |
| 6:37 | Create | Villager (Male) |
| 6:37 | Create | Villager (Male) |
| 6:38 | Create | Villager (Male) |
| 6:38 | Create | Villager (Male) |
| 6:56 | Build | Mill |
| 6:58 | Build | House |
| 8:33 | Create | Villager (Male) |
| 8:33 | Create | Villager (Male) |
| 8:33 | Create | Villager (Male) |
| 8:57 | Build | Lumber Camp |
| 10:10 | Build | Mining Camp |
| 10:15 | Build | Mining Camp |
| 10:17 | Build | House |
| 10:24 | Create | Villager (Male) |
| 10:25 | Create | Villager (Male) |
| 10:25 | Create | Villager (Male) |
| 10:25 | Create | Villager (Male) |
| 11:41 | Create | Villager (Male) |
| 11:41 | Create | Villager (Male) |
| 11:41 | Create | Villager (Male) |
| 11:42 | Create | Villager (Male) |
| 11:42 | Create | Villager (Male) |
| 12:53 | Build | Farm |
| 13:02 | Build | Barracks |
| 13:03 | Build | House |
| 13:18 | Research | Feudal Age |
| 14:39 | Build | Palisade Gate |
| 14:41 | Build | House |
| 14:42 | Build | House |
| 15:53 | Build | Farm |
| 15:55 | Build | Farm |
| 15:59 | Build | Farm |
| 16:03 | Build | Farm |
| 16:06 | Build | Farm |
| 16:18 | Build | Farm |
| 16:19 | Age | Feudal Age |
| 16:23 | Build | Farm |
| 16:26 | Build | Market |
| 16:28 | Build | Blacksmith |
| 16:32 | Create | Villager (Male) |
| 16:33 | Create | Villager (Male) |
| 16:33 | Create | Villager (Male) |
| 16:36 | Research | Loom |
| 16:43 | Research | Horse Collar |
| 16:47 | Research | Double-Bit Axe |
| 16:51 | Research | Gold Mining |
| 17:57 | Build | Farm |
| 18:01 | Build | Farm |
| 18:07 | Build | Farm |
| 18:29 | Research | Castle Age |
| 18:35 | Build | Farm |
| 18:37 | Build | Farm |
| 18:40 | Build | Farm |
| 18:43 | Build | Farm |
| 19:00 | Build | Archery Range |
| 19:44 | Build | Stable |
| 19:46 | Build | House |
| 20:16 | Research | Fletching |
| 20:17 | Research | Padded Archer Armor |
| 21:06 | Create | Villager (Male) |
| 21:06 | Create | Villager (Male) |
| 21:09 | Age | Castle Age |
| 21:15 | Build | Town Center |
| 21:23 | Research | Husbandry |
| 21:23 | Research | Bloodlines |
| 21:29 | Research | Bodkin Arrow |
| 21:40 | Build | Farm |
| 21:47 | Build | House |
| 21:56 | Create | Villager (Male) |
| 21:57 | Create | Villager (Male) |
| 22:00 | Create | Villager (Male) |
| 22:06 | Build | Town Center |
| 22:13 | Build | Castle |
| 22:24 | Research | Leather Archer Armor |
| 22:29 | Create | Unit 1952 |
| 22:30 | Create | Unit 1952 |
| 22:32 | Create | Unit 1952 |
| 22:32 | Create | Unit 1952 |
| 22:38 | Create | Villager (Male) |
| 22:38 | Create | Villager (Male) |
| 22:49 | Build | Farm |
| 22:57 | Create | Villager (Male) |
| 22:58 | Create | Villager (Male) |
| 23:30 | Build | Mill |
| 23:31 | Build | Farm |
| 23:33 | Create | Villager (Male) |
| 23:33 | Create | Villager (Male) |
| 23:36 | Create | Villager (Male) |
| 23:36 | Create | Villager (Male) |
| 23:38 | Create | Villager (Male) |
| 23:59 | Build | Farm |
| 24:24 | Build | Farm |
| 24:26 | Build | Farm |
| 24:28 | Create | Villager (Male) |
| 24:32 | Research | Bow Saw |
| 24:51 | Build | University |
| 24:53 | Build | House |
| 25:07 | Create | Villager (Male) |
| 25:08 | Create | Villager (Male) |
| 25:08 | Create | Villager (Male) |
| 25:16 | Build | Farm |
| 25:18 | Build | Farm |
| 25:19 | Create | Villager (Male) |
| 25:19 | Create | Villager (Male) |
| 25:20 | Create | Villager (Male) |
| 26:28 | Build | Farm |
| 26:30 | Create | Villager (Male) |
| 26:30 | Create | Villager (Male) |
| 26:32 | Create | Villager (Male) |
| 26:32 | Create | Villager (Male) |
| 26:32 | Create | Villager (Male) |
| 26:34 | Create | Villager (Male) |
| 26:34 | Create | Villager (Male) |
| 26:39 | Research | Ballistics |
| 26:44 | Build | Archery Range |
| 26:46 | Research | Thumb Ring |
| 26:49 | Create | Villager (Male) |
| 27:27 | Create | Villager (Male) |
| 27:27 | Create | Villager (Male) |
| 27:31 | Build | Farm |
| 27:34 | Build | Farm |
| 27:35 | Create | Villager (Male) |
| 27:36 | Create | Villager (Male) |
Build order — Yuanchi
First 150 of 308 actions detected
| 0:04 | Build | House |
| 0:06 | Create | Villager (Male) ×4 |
| 0:26 | Build | House |
| 0:44 | Build | House |
| 1:48 | Create | Villager (Male) |
| 1:53 | Build | Lumber Camp |
| 1:58 | Create | Villager (Male) |
| 2:31 | Create | Villager (Male) |
| 3:00 | Create | Villager (Male) |
| 3:18 | Create | Villager (Male) |
| 3:57 | Create | Villager (Male) |
| 3:58 | Create | Villager (Male) |
| 4:32 | Create | Villager (Male) |
| 4:32 | Create | Villager (Male) |
| 4:32 | Create | Villager (Male) |
| 5:00 | Research | Double-Bit Axe |
| 5:10 | Create | Villager (Male) |
| 5:10 | Create | Villager (Male) |
| 5:55 | Research | Wheelbarrow |
| 5:58 | Create | Villager (Male) |
| 6:13 | Build | House |
| 6:33 | Create | Villager (Male) |
| 6:33 | Create | Villager (Male) |
| 6:58 | Create | Villager (Male) |
| 7:22 | Build | Mill |
| 7:38 | Build | Mill |
| 7:44 | Create | Villager (Male) |
| 7:44 | Create | Villager (Male) |
| 7:51 | Build | House |
| 7:58 | Create | Villager (Male) ×4 |
| 8:33 | Research | Horse Collar |
| 9:49 | Create | Villager (Male) |
| 10:01 | Research | Feudal Age |
| 11:06 | Build | Farm |
| 11:06 | Build | Farm |
| 11:07 | Build | Farm |
| 11:07 | Build | Farm |
| 11:07 | Build | Farm |
| 11:07 | Build | Farm |
| 11:17 | Build | Barracks |
| 11:56 | Build | Mining Camp |
| 12:01 | Create | Villager (Male) ×5 |
| 12:40 | Age | Feudal Age |
| 12:59 | Build | Archery Range |
| 13:20 | Build | Farm |
| 13:20 | Build | Farm |
| 13:20 | Build | Farm |
| 13:20 | Build | Farm |
| 13:20 | Build | Farm |
| 13:21 | Build | Farm |
| 13:36 | Create | Villager (Male) ×5 |
| 13:56 | Build | House |
| 14:00 | Create | Archer ×3 |
| 14:42 | Build | Blacksmith |
| 14:52 | Build | House |
| 15:01 | Build | Lumber Camp |
| 15:05 | Create | Villager (Male) ×5 |
| 15:12 | Create | Archer |
| 15:43 | Create | Archer ×2 |
| 16:28 | Build | Stable |
| 17:42 | Build | House |
| 18:30 | Research | Bow Saw |
| 18:37 | Research | Castle Age |
| 18:39 | Research | Hand Cart |
| 18:44 | Create | Archer ×2 |
| 18:56 | Create | Spearman ×5 |
| 19:06 | Build | House |
| 19:14 | Research | Heavy Plow |
| 19:18 | Research | Gold Mining |
| 19:19 | Research | Stone Mining |
| 19:52 | Build | House |
| 19:54 | Build | House |
| 20:02 | Build | Farm |
| 20:03 | Build | Farm |
| 20:03 | Build | Farm |
| 20:03 | Build | Farm |
| 20:24 | Create | Scout Cavalry |
| 21:00 | Build | Stable |
| 21:17 | Age | Castle Age |
| 21:27 | Build | Town Center |
| 21:30 | Build | Town Center |
| 22:20 | Build | Mining Camp |
| 22:22 | Research | Cavalier (upgrade) |
| 22:23 | Research | Husbandry |
| 22:26 | Create | Knight ×3 |
| 22:37 | Build | Lumber Camp |
| 22:42 | Create | Villager (Male) ×5 |
| 22:47 | Build | Farm |
| 22:47 | Build | Farm |
| 22:48 | Build | Farm |
| 22:48 | Build | Farm |
| 22:48 | Build | Farm |
| 22:48 | Build | Farm |
| 22:49 | Build | Farm |
| 22:49 | Build | Farm |
| 22:50 | Build | Farm |
| 22:50 | Build | Farm |
| 22:58 | Create | Villager (Male) |
| 23:01 | Build | Farm |
| 23:06 | Build | Farm |
| 23:06 | Build | Farm |
| 23:06 | Build | Farm |
| 23:09 | Create | Villager (Male) ×5 |
| 23:13 | Create | Villager (Male) ×5 |
| 23:22 | Create | Knight |
| 23:38 | Build | Mining Camp |
| 23:48 | Research | Stone Shaft Mining |
| 25:06 | Create | Villager (Male) ×5 |
| 25:11 | Create | Villager (Male) ×4 |
| 25:16 | Build | Farm |
| 25:20 | Build | Farm |
| 25:24 | Build | Farm |
| 25:25 | Build | Farm |
| 25:25 | Build | Farm |
| 25:25 | Build | Farm |
| 25:25 | Build | Farm |
| 25:25 | Build | Farm |
| 25:26 | Build | Farm |
| 25:29 | Create | Villager (Male) |
| 25:32 | Create | Villager (Male) |
| 25:47 | Build | House |
| 25:47 | Build | House |
| 25:48 | Build | House |
| 25:49 | Build | House |
| 25:50 | Build | House |
| 25:52 | Build | House |
| 25:52 | Build | House |
| 25:53 | Build | House |
| 25:53 | Build | House |
| 25:53 | Build | House |
| 25:54 | Build | House |
| 25:55 | Build | House |
| 25:55 | Build | House |
| 25:55 | Build | House |
| 25:56 | Build | House |
| 25:56 | Build | House |
| 25:56 | Build | House |
| 25:56 | Build | House |
| 25:57 | Build | House |
| 25:57 | Build | House |
| 25:57 | Build | House |
| 25:58 | Build | House |
| 25:58 | Build | House |
| 25:59 | Build | House |
| 25:59 | Build | House |
| 25:59 | Build | House |
| 25:59 | Build | House |
| 26:00 | Build | House |
| 26:04 | Create | Villager (Male) |
| 26:04 | Create | Villager (Male) |
Build order — 大表哥
First 150 of 349 actions detected
| 0:07 | Build | House |
| 0:09 | Build | House |
| 0:10 | Create | Villager (Male) |
| 0:10 | Create | Villager (Male) |
| 0:10 | Create | Villager (Male) |
| 0:11 | Create | Villager (Male) |
| 1:34 | Create | Villager (Male) |
| 1:57 | Build | Lumber Camp |
| 2:01 | Create | Villager (Male) |
| 2:32 | Create | Villager (Male) |
| 2:33 | Create | Villager (Male) |
| 3:04 | Create | Villager (Male) |
| 3:20 | Create | Villager (Male) |
| 3:50 | Create | Villager (Male) |
| 3:51 | Create | Villager (Male) |
| 4:15 | Create | Villager (Male) |
| 4:16 | Create | Villager (Male) |
| 4:32 | Create | Villager (Male) |
| 4:51 | Build | House |
| 4:55 | Research | Loom |
| 4:56 | Create | Villager (Male) |
| 5:06 | Build | House |
| 5:18 | Create | Villager (Male) |
| 6:08 | Create | Villager (Male) |
| 6:08 | Create | Villager (Male) |
| 6:21 | Create | Villager (Male) |
| 7:03 | Build | Mill |
| 7:06 | Create | Villager (Male) |
| 7:52 | Research | Feudal Age |
| 8:19 | Build | Mill |
| 8:37 | Create | Villager (Male) |
| 8:37 | Create | Villager (Male) |
| 8:37 | Create | Villager (Male) |
| 10:02 | Age | Feudal Age |
| 10:14 | Create | Villager (Male) |
| 10:51 | Build | Mining Camp |
| 11:03 | Create | Villager (Male) |
| 11:18 | Build | House |
| 11:31 | Build | House |
| 11:40 | Create | Villager (Male) |
| 12:13 | Create | Villager (Male) |
| 12:25 | Create | Villager (Male) |
| 12:56 | Create | Villager (Male) |
| 13:30 | Build | Blacksmith |
| 13:46 | Create | Villager (Male) |
| 13:53 | Create | Villager (Male) |
| 14:25 | Create | Villager (Male) |
| 14:27 | Create | Villager (Male) |
| 14:58 | Build | Market |
| 15:30 | Research | Double-Bit Axe |
| 15:40 | Build | Mill |
| 15:45 | Create | Villager (Male) |
| 15:49 | Research | Castle Age |
| 16:19 | Build | Barracks |
| 17:02 | Build | House |
| 17:04 | Build | House |
| 17:33 | Build | Archery Range |
| 17:58 | Build | Mining Camp |
| 18:21 | Research | Wheelbarrow |
| 18:29 | Age | Castle Age |
| 18:37 | Create | Villager (Male) |
| 18:48 | Build | Town Center |
| 18:55 | Research | Stone Mining |
| 19:05 | Build | Farm |
| 19:21 | Build | Farm |
| 19:44 | Build | Farm |
| 19:46 | Build | Farm |
| 20:01 | Build | Farm |
| 20:05 | Create | Villager (Male) |
| 20:25 | Create | Villager (Male) |
| 20:43 | Build | Monastery |
| 21:04 | Build | Castle |
| 21:07 | Create | Villager (Male) |
| 21:11 | Build | Farm |
| 21:15 | Build | Farm |
| 21:16 | Build | Farm |
| 21:40 | Build | Farm |
| 21:42 | Build | Farm |
| 21:44 | Build | Farm |
| 21:56 | Create | Villager (Male) |
| 21:56 | Create | Villager (Male) |
| 22:19 | Build | Siege Workshop |
| 22:23 | Create | Villager (Male) |
| 22:25 | Create | Villager (Male) |
| 22:26 | Create | Villager (Male) |
| 22:28 | Build | Farm |
| 22:44 | Build | Farm |
| 22:45 | Research | Horse Collar |
| 22:45 | Research | Horse Collar |
| 22:58 | Build | Farm |
| 23:22 | Build | Lumber Camp |
| 23:28 | Create | Villager (Male) |
| 23:29 | Create | Villager (Male) |
| 23:29 | Create | Villager (Male) |
| 23:43 | Create | Villager (Male) |
| 23:43 | Create | Villager (Male) |
| 23:44 | Create | Villager (Male) |
| 23:55 | Create | Villager (Male) |
| 23:56 | Create | Villager (Male) |
| 24:04 | Build | Farm |
| 24:18 | Build | Town Center |
| 24:21 | Create | Villager (Male) |
| 24:22 | Create | Villager (Male) |
| 24:22 | Create | Villager (Male) |
| 24:25 | Build | Farm |
| 24:29 | Create | Villager (Male) |
| 24:29 | Create | Villager (Male) |
| 24:36 | Build | Farm |
| 24:37 | Build | Farm |
| 24:40 | Build | Farm |
| 24:42 | Build | Farm |
| 24:44 | Create | Villager (Male) |
| 24:45 | Create | Villager (Male) |
| 24:46 | Create | Villager (Male) |
| 24:47 | Create | Villager (Male) |
| 24:50 | Build | Farm |
| 25:01 | Build | Farm |
| 25:04 | Create | Villager (Male) |
| 25:18 | Build | Farm |
| 25:21 | Create | Villager (Male) |
| 25:21 | Create | Villager (Male) |
| 25:24 | Create | Villager (Male) |
| 25:33 | Create | Trade Cart |
| 25:44 | Build | Farm |
| 25:46 | Create | Villager (Male) |
| 25:47 | Create | Villager (Male) |
| 25:48 | Create | Villager (Male) |
| 25:48 | Create | Villager (Male) |
| 26:16 | Create | Villager (Male) |
| 26:17 | Create | Villager (Male) |
| 26:19 | Build | Farm |
| 26:25 | Build | Farm |
| 26:26 | Build | Farm |
| 26:27 | Build | Farm |
| 26:30 | Create | Villager (Male) |
| 26:30 | Create | Villager (Male) |
| 26:30 | Create | Villager (Male) |
| 26:31 | Create | Villager (Male) |
| 26:32 | Create | Villager (Male) |
| 26:39 | Build | Farm |
| 26:41 | Create | Villager (Male) |
| 26:46 | Build | Farm |
| 26:55 | Create | Villager (Male) |
| 26:58 | Build | Farm |
| 27:07 | Create | Villager (Male) |
| 27:20 | Build | Farm |
| 27:21 | Build | Farm |
| 27:22 | Build | Farm |
| 27:27 | Build | Farm |
| 27:42 | Research | Gold Mining |
Build order — FootNewtons
First 150 of 282 actions detected
| 0:15 | Create | Villager (Male) |
| 0:15 | Research | Loom |
| 0:21 | Build | House |
| 0:55 | Build | House |
| 1:06 | Build | House |
| 1:18 | Build | House |
| 1:20 | Create | Villager (Male) |
| 1:20 | Create | Villager (Male) |
| 1:21 | Create | Villager (Male) |
| 1:21 | Create | Villager (Male) |
| 1:50 | Create | Villager (Male) |
| 1:50 | Create | Villager (Male) |
| 2:27 | Create | Villager (Male) |
| 3:09 | Create | Villager (Male) |
| 3:32 | Create | Villager (Male) |
| 3:51 | Create | Villager (Male) |
| 4:14 | Build | Lumber Camp |
| 4:41 | Create | Villager (Male) |
| 5:01 | Create | Villager (Male) |
| 5:27 | Create | Villager (Male) |
| 5:37 | Create | Villager (Male) |
| 5:58 | Create | Villager (Male) |
| 6:12 | Create | Villager (Male) |
| 6:50 | Create | Villager (Male) |
| 7:07 | Build | Mill |
| 7:30 | Create | Villager (Male) |
| 7:31 | Create | Villager (Male) |
| 7:59 | Create | Villager (Male) |
| 8:36 | Create | Villager (Male) |
| 8:36 | Create | Villager (Male) |
| 8:42 | Research | Feudal Age |
| 9:06 | Build | House |
| 9:11 | Build | Mining Camp |
| 10:29 | Build | Barracks |
| 11:51 | Age | Feudal Age |
| 12:02 | Build | Stable |
| 12:08 | Create | Villager (Male) |
| 12:27 | Build | Blacksmith |
| 12:36 | Create | Spearman |
| 13:05 | Create | Villager (Male) |
| 13:07 | Create | Scout Cavalry |
| 13:12 | Build | Market |
| 13:21 | Create | Villager (Male) |
| 13:27 | Build | Farm |
| 14:12 | Create | Villager (Male) |
| 14:16 | Build | House |
| 14:42 | Create | Villager (Male) |
| 14:47 | Build | Farm |
| 15:01 | Research | Castle Age |
| 15:07 | Build | Farm |
| 15:10 | Build | Farm |
| 15:41 | Build | Farm |
| 16:05 | Build | Farm |
| 16:23 | Build | Mining Camp |
| 16:40 | Research | Double-Bit Axe |
| 16:51 | Build | Farm |
| 16:56 | Build | Farm |
| 17:02 | Build | Farm |
| 17:12 | Build | Farm |
| 17:17 | Research | Horse Collar |
| 17:29 | Create | Villager (Male) |
| 17:35 | Build | House |
| 17:44 | Age | Castle Age |
| 17:54 | Create | Trade Cart |
| 18:06 | Build | Monastery |
| 18:15 | Build | Farm |
| 18:15 | Create | Villager (Male) |
| 19:03 | Build | Archery Range |
| 19:05 | Create | Knight |
| 19:08 | Create | Villager (Male) |
| 19:41 | Create | Knight |
| 19:43 | Create | Villager (Male) |
| 20:01 | Create | Villager (Male) |
| 20:07 | Create | Skirmisher |
| 20:14 | Build | Town Center |
| 20:37 | Create | Skirmisher |
| 20:39 | Create | Villager (Male) |
| 20:44 | Build | House |
| 20:53 | Create | Knight |
| 20:57 | Build | House |
| 21:03 | Create | Villager (Male) |
| 21:10 | Build | Farm |
| 21:19 | Build | Farm |
| 21:20 | Create | Villager (Male) |
| 21:28 | Create | Knight |
| 21:34 | Build | Farm |
| 21:51 | Build | Farm |
| 21:52 | Create | Villager (Male) |
| 22:02 | Build | Farm |
| 22:08 | Create | Monk |
| 22:29 | Create | Villager (Male) |
| 22:34 | Build | Farm |
| 22:35 | Create | Villager (Male) |
| 22:47 | Build | Farm |
| 22:49 | Create | Villager (Male) |
| 22:56 | Create | Villager (Male) |
| 23:19 | Create | Knight |
| 23:26 | Create | Skirmisher |
| 24:23 | Research | Elite Skirmisher (upgrade) |
| 24:24 | Create | Villager (Male) |
| 25:03 | Build | Archery Range |
| 25:13 | Create | Villager (Male) |
| 25:13 | Create | Villager (Male) |
| 25:28 | Build | House |
| 26:00 | Create | Skirmisher |
| 26:00 | Create | Skirmisher |
| 26:14 | Create | Villager (Male) |
| 26:14 | Create | Villager (Male) |
| 26:39 | Create | Villager (Male) |
| 26:39 | Create | Villager (Male) |
| 26:51 | Build | University |
| 27:27 | Research | Imperial Age |
| 27:30 | Research | Wheelbarrow |
| 27:41 | Create | Archer |
| 27:41 | Create | Archer |
| 27:48 | Research | Fletching |
| 28:06 | Create | Villager (Male) |
| 28:13 | Build | House |
| 28:14 | Build | House |
| 28:17 | Create | Villager (Male) |
| 28:32 | Build | Archery Range |
| 28:37 | Research | Crossbowman (upgrade) |
| 28:54 | Create | Skirmisher |
| 29:01 | Create | Villager (Male) |
| 29:26 | Create | Archer |
| 29:26 | Create | Skirmisher |
| 29:37 | Research | Gold Mining |
| 29:39 | Create | Villager (Male) |
| 29:39 | Create | Villager (Male) |
| 29:47 | Build | Castle |
| 29:58 | Create | Archer |
| 29:58 | Create | Skirmisher |
| 29:59 | Create | Archer |
| 29:59 | Create | Skirmisher |
| 30:04 | Research | Husbandry |
| 30:05 | Research | Bloodlines |
| 30:06 | Create | Villager (Male) |
| 30:11 | Build | House |
| 30:17 | Build | House |
| 30:20 | Build | House |
| 30:21 | Build | House |
| 30:24 | Research | Caravan |
| 30:24 | Create | Villager (Male) |
| 30:30 | Create | Villager (Male) |
| 30:35 | Build | Farm |
| 30:43 | Build | Farm |
| 31:10 | Build | Mining Camp |
| 31:18 | Create | Knight |
| 31:28 | Create | Villager (Male) |
| 31:32 | Research | Hand Cart |
Build order — COCO
First 150 of 384 actions detected
| 0:02 | Create | Villager (Male) |
| 0:02 | Create | Villager (Male) |
| 0:02 | Create | Villager (Male) |
| 0:02 | Create | Villager (Male) |
| 0:03 | Create | Villager (Male) |
| 0:07 | Build | House |
| 0:31 | Build | House |
| 0:31 | Build | House |
| 0:32 | Build | House |
| 1:31 | Create | Villager (Male) |
| 1:31 | Create | Villager (Male) |
| 2:01 | Create | Villager (Male) |
| 2:01 | Create | Villager (Male) |
| 2:34 | Create | Villager (Male) |
| 2:34 | Create | Villager (Male) |
| 2:54 | Create | Villager (Male) |
| 2:54 | Create | Villager (Male) |
| 3:08 | Create | Villager (Male) |
| 3:08 | Create | Villager (Male) |
| 3:45 | Create | Villager (Male) |
| 3:45 | Create | Villager (Male) |
| 3:45 | Create | Villager (Male) |
| 3:45 | Create | Villager (Male) |
| 4:07 | Create | Villager (Male) |
| 4:07 | Create | Villager (Male) |
| 4:07 | Create | Villager (Male) |
| 4:29 | Create | Villager (Male) |
| 4:29 | Create | Villager (Male) |
| 4:49 | Create | Villager (Male) |
| 4:49 | Create | Villager (Male) |
| 5:10 | Create | Villager (Male) |
| 5:10 | Create | Villager (Male) |
| 5:10 | Create | Villager (Male) |
| 5:20 | Build | Mill |
| 5:40 | Create | Villager (Male) |
| 5:41 | Create | Villager (Male) |
| 5:41 | Create | Villager (Male) |
| 5:56 | Create | Villager (Male) |
| 5:57 | Create | Villager (Male) |
| 5:57 | Create | Villager (Male) |
| 6:08 | Create | Villager (Male) |
| 6:08 | Create | Villager (Male) |
| 6:25 | Build | Lumber Camp |
| 7:10 | Build | House |
| 7:37 | Build | House |
| 8:27 | Build | Mill |
| 8:35 | Create | Villager (Male) ×5 |
| 9:12 | Create | Villager (Male) |
| 9:12 | Create | Villager (Male) |
| 9:22 | Build | Mining Camp |
| 9:24 | Create | Villager (Male) |
| 9:44 | Research | Feudal Age |
| 11:21 | Create | Villager (Male) |
| 11:21 | Create | Villager (Male) |
| 11:22 | Create | Villager (Male) |
| 12:02 | Build | Barracks |
| 12:13 | Build | House |
| 12:14 | Build | House |
| 12:15 | Build | House |
| 12:15 | Build | House |
| 13:04 | Age | Feudal Age |
| 13:11 | Build | Blacksmith |
| 13:19 | Build | Archery Range |
| 13:20 | Build | Archery Range |
| 13:43 | Build | Town Center |
| 14:39 | Create | Archer |
| 14:41 | Create | Archer |
| 14:42 | Create | Archer |
| 14:44 | Create | Archer |
| 15:00 | Research | Castle Age |
| 15:07 | Build | Farm |
| 15:08 | Build | Farm |
| 15:09 | Build | Farm |
| 15:10 | Build | Farm |
| 15:12 | Build | Farm |
| 15:13 | Build | Farm |
| 15:25 | Build | Farm |
| 15:35 | Build | Farm |
| 15:50 | Create | Villager (Male) |
| 15:50 | Create | Villager (Male) |
| 15:54 | Build | Farm |
| 16:03 | Build | Farm |
| 16:24 | Build | Farm |
| 16:28 | Create | Villager (Male) |
| 16:28 | Create | Villager (Male) |
| 16:33 | Build | Farm |
| 16:54 | Research | Double-Bit Axe |
| 16:59 | Create | Archer |
| 16:59 | Create | Archer |
| 17:20 | Research | Horse Collar |
| 17:24 | Create | Archer |
| 17:25 | Create | Archer |
| 17:25 | Create | Archer |
| 17:36 | Create | Villager (Male) |
| 17:36 | Create | Villager (Male) |
| 17:40 | Age | Castle Age |
| 17:45 | Create | Archer |
| 17:45 | Create | Archer |
| 17:56 | Create | Spearman |
| 17:56 | Create | Spearman |
| 17:58 | Create | Spearman |
| 17:59 | Create | Spearman |
| 18:19 | Build | Farm |
| 18:49 | Create | Villager (Male) |
| 18:49 | Create | Villager (Male) |
| 18:49 | Create | Villager (Male) |
| 18:49 | Create | Villager (Male) |
| 18:50 | Create | Villager (Male) |
| 19:15 | Create | Villager (Male) |
| 19:15 | Create | Villager (Male) |
| 19:15 | Create | Villager (Male) |
| 19:15 | Create | Villager (Male) |
| 19:21 | Build | Farm |
| 19:22 | Build | Farm |
| 19:23 | Build | Farm |
| 19:26 | Build | Farm |
| 19:30 | Build | Farm |
| 19:33 | Create | Villager (Male) |
| 19:33 | Create | Villager (Male) |
| 19:33 | Create | Villager (Male) |
| 19:54 | Create | Villager (Male) |
| 19:54 | Create | Villager (Male) |
| 19:54 | Create | Villager (Male) |
| 20:05 | Build | Mill |
| 20:08 | Build | Farm |
| 20:10 | Build | Farm |
| 20:21 | Research | Padded Archer Armor |
| 20:32 | Build | Farm |
| 20:33 | Create | Villager (Male) |
| 20:33 | Create | Villager (Male) |
| 20:33 | Create | Villager (Male) |
| 20:40 | Build | House |
| 20:41 | Build | House |
| 21:05 | Research | Crossbowman (upgrade) |
| 21:16 | Create | Villager (Male) |
| 21:17 | Create | Villager (Male) |
| 21:17 | Create | Villager (Male) |
| 21:23 | Create | Villager (Male) |
| 21:23 | Create | Villager (Male) |
| 21:33 | Create | Villager (Male) |
| 21:33 | Create | Villager (Male) |
| 21:33 | Create | Villager (Male) |
| 21:40 | Create | Villager (Male) |
| 21:40 | Create | Villager (Male) |
| 21:50 | Build | Town Center |
| 21:54 | Create | Villager (Male) |
| 21:54 | Create | Villager (Male) |
| 21:54 | Create | Villager (Male) |
| 21:54 | Create | Villager (Male) |
| 22:15 | Research | Heavy Plow |
Build order — Neo
First 150 of 400 actions detected
| 0:03 | Build | House |
| 0:04 | Build | House |
| 0:11 | Create | Villager (Male) |
| 0:12 | Create | Villager (Male) |
| 0:12 | Create | Villager (Male) |
| 0:12 | Create | Villager (Male) |
| 0:12 | Create | Villager (Male) |
| 0:13 | Create | Villager (Male) |
| 1:32 | Create | Villager (Male) |
| 1:32 | Create | Villager (Male) |
| 2:29 | Create | Villager (Male) |
| 2:29 | Create | Villager (Male) |
| 2:36 | Build | Lumber Camp |
| 2:39 | Create | Villager (Male) |
| 2:40 | Create | Villager (Male) |
| 2:47 | Create | Villager (Male) |
| 2:47 | Create | Villager (Male) |
| 3:12 | Create | Villager (Male) |
| 3:45 | Create | Villager (Male) |
| 3:45 | Create | Villager (Male) |
| 3:45 | Create | Villager (Male) |
| 3:54 | Build | House |
| 3:56 | Build | House |
| 4:10 | Create | Villager (Male) |
| 4:10 | Create | Villager (Male) |
| 4:11 | Create | Villager (Male) |
| 4:18 | Build | Mill |
| 4:38 | Create | Villager (Male) |
| 4:38 | Create | Villager (Male) |
| 5:01 | Create | Villager (Male) |
| 5:02 | Create | Villager (Male) |
| 5:24 | Create | Villager (Male) |
| 5:24 | Create | Villager (Male) |
| 5:46 | Create | Villager (Male) |
| 5:46 | Create | Villager (Male) |
| 6:14 | Create | Villager (Male) |
| 6:14 | Create | Villager (Male) |
| 6:41 | Create | Villager (Male) |
| 7:10 | Create | Villager (Male) |
| 7:15 | Build | Mining Camp |
| 7:28 | Build | Mining Camp |
| 7:43 | Create | Villager (Male) |
| 7:59 | Create | Villager (Male) |
| 8:25 | Research | Loom |
| 8:47 | Build | House |
| 9:01 | Research | Feudal Age |
| 9:47 | Build | Barracks |
| 10:03 | Create | Villager (Male) |
| 10:03 | Create | Villager (Male) |
| 10:24 | Build | Barracks |
| 10:29 | Build | House |
| 10:30 | Build | House |
| 11:04 | Age | Feudal Age |
| 11:09 | Research | Double-Bit Axe |
| 11:16 | Build | Market |
| 11:22 | Build | Mill |
| 11:24 | Create | Villager (Male) |
| 11:59 | Create | Villager (Male) |
| 12:08 | Create | Villager (Male) |
| 12:08 | Create | Villager (Male) |
| 12:09 | Create | Villager (Male) |
| 12:27 | Create | Spearman |
| 12:27 | Create | Spearman |
| 12:27 | Create | Spearman |
| 12:38 | Build | Mill |
| 12:50 | Create | Villager (Male) |
| 13:07 | Research | Horse Collar |
| 13:22 | Research | Man-at-Arms (upgrade) |
| 13:23 | Create | Militia |
| 13:23 | Create | Militia |
| 13:42 | Create | Villager (Male) |
| 14:18 | Build | Farm |
| 14:19 | Build | Farm |
| 14:20 | Build | Farm |
| 14:21 | Build | Farm |
| 14:22 | Build | Farm |
| 14:34 | Create | Villager (Male) |
| 14:34 | Create | Villager (Male) |
| 14:48 | Build | House |
| 14:49 | Build | House |
| 15:15 | Build | Farm |
| 15:16 | Build | Farm |
| 15:18 | Build | Farm |
| 15:21 | Create | Villager (Male) |
| 15:22 | Create | Villager (Male) |
| 15:29 | Build | Farm |
| 15:31 | Build | Farm |
| 15:45 | Build | Farm |
| 16:20 | Create | Villager (Male) |
| 16:21 | Create | Villager (Male) |
| 16:52 | Build | Farm |
| 16:53 | Build | Farm |
| 17:05 | Build | Farm |
| 17:06 | Build | Farm |
| 17:19 | Create | Villager (Male) |
| 17:54 | Create | Villager (Male) |
| 17:54 | Create | Villager (Male) |
| 17:54 | Create | Villager (Male) |
| 17:54 | Create | Villager (Male) |
| 18:04 | Build | Stable |
| 18:05 | Build | Stable |
| 18:12 | Build | House |
| 18:13 | Build | House |
| 18:15 | Build | House |
| 18:50 | Research | Castle Age |
| 19:21 | Create | Villager (Male) |
| 19:21 | Create | Villager (Male) |
| 19:23 | Research | Wheelbarrow |
| 19:23 | Research | Town Watch |
| 19:37 | Create | Trade Cart |
| 19:55 | Build | House |
| 19:56 | Build | House |
| 20:29 | Build | Market |
| 20:40 | Create | Trade Cart |
| 21:20 | Research | Bloodlines |
| 21:27 | Age | Castle Age |
| 21:30 | Create | Camel Scout |
| 21:30 | Create | Camel Scout |
| 21:30 | Create | Camel Scout |
| 21:31 | Create | Camel Scout |
| 21:31 | Create | Camel Scout |
| 21:31 | Create | Camel Scout |
| 21:31 | Create | Camel Scout |
| 21:51 | Build | Town Center |
| 21:54 | Create | Villager (Male) |
| 21:59 | Research | Bow Saw |
| 22:32 | Create | Scout Cavalry |
| 22:33 | Create | Scout Cavalry |
| 22:50 | Create | Camel Scout |
| 22:50 | Create | Camel Scout |
| 22:50 | Create | Camel Scout |
| 22:50 | Create | Camel Scout |
| 22:55 | Create | Villager (Male) |
| 22:55 | Create | Villager (Male) |
| 23:45 | Build | Castle |
| 24:53 | Build | Blacksmith |
| 25:22 | Build | Siege Workshop |
| 25:54 | Create | Villager (Male) |
| 25:54 | Create | Villager (Male) |
| 25:55 | Create | Villager (Male) |
| 25:55 | Create | Villager (Male) |
| 25:55 | Create | Villager (Male) |
| 25:56 | Create | Villager (Male) |
| 26:07 | Create | Mangonel |
| 26:07 | Create | Mangonel |
| 27:24 | Create | Mangonel |
| 28:08 | Create | Villager (Male) |
| 28:09 | Create | Villager (Male) |
| 28:09 | Create | Villager (Male) |
| 28:09 | Create | Villager (Male) |
Match timeline
| 9:47 | Neo · first_building Barracks |
| 10:02 | 大表哥 · age_up feudal |
| 10:29 | FootNewtons · first_building Barracks |
| 11:04 | Neo · age_up feudal |
| 11:17 | Yuanchi · first_building Barracks |
| 11:51 | FootNewtons · age_up feudal |
| 12:02 | FootNewtons · first_building Stable |
| 12:02 | COCO · first_building Barracks |
| 12:40 | Yuanchi · age_up feudal |
| 12:59 | Yuanchi · first_building Archery Range |
| 13:02 | PorT_BarroZo · first_building Barracks |
| 13:04 | COCO · age_up feudal |
| 13:19 | COCO · first_building Archery Range |
| 15:24 | Neo · first_market_buy 100 wood |
| 16:19 | 大表哥 · first_building Barracks |
| 16:19 | PorT_BarroZo · age_up feudal |
| 16:28 | Yuanchi · first_building Stable |
| 17:33 | 大表哥 · first_building Archery Range |
| 17:40 | COCO · age_up castle |
| 17:44 | FootNewtons · age_up castle |
| 18:04 | Neo · first_building Stable |
| 18:06 | FootNewtons · first_building Monastery |
| 18:29 | 大表哥 · age_up castle |
| 19:00 | PorT_BarroZo · first_building Archery Range |
| 19:03 | FootNewtons · first_building Archery Range |
| 19:44 | PorT_BarroZo · first_building Stable |
| 20:43 | 大表哥 · first_building Monastery |
| 21:04 | 大表哥 · first_building Castle |
| 21:09 | PorT_BarroZo · age_up castle |
| 21:17 | Yuanchi · age_up castle |
| 21:27 | Neo · age_up castle |
| 22:13 | PorT_BarroZo · first_building Castle |
| 22:19 | 大表哥 · first_building Siege Workshop |
| 23:45 | Neo · first_building Castle |
| 24:58 | COCO · first_building Stable |
| 25:18 | FootNewtons · first_market_sell 100 food |
| 25:22 | Neo · first_building Siege Workshop |
| 26:40 | COCO · first_building Castle |
| 26:47 | FootNewtons · first_market_buy 100 wood |
| 29:28 | Neo · first_building Monastery |
| 29:47 | FootNewtons · first_building Castle |
| 30:07 | Yuanchi · first_building Castle |
| 30:12 | COCO · first_building Siege Workshop |
| 30:17 | COCO · first_market_sell 500 food |
| 31:36 | 大表哥 · age_up imperial |
| 32:06 | FootNewtons · age_up imperial |
| 32:35 | Yuanchi · first_building Siege Workshop |
| 33:18 | PorT_BarroZo · wall_segment Palisade Wall x1 |
| 33:33 | Neo · age_up imperial |
| 33:36 | COCO · age_up imperial |
| 35:02 | PorT_BarroZo · age_up imperial |
| 38:25 | Yuanchi · first_building Monastery |
| 38:46 | Yuanchi · age_up imperial |
| 42:18 | PorT_BarroZo · wall_segment Stone Wall x15 |
| 42:21 | PorT_BarroZo · wall_segment Stone Wall x17 |
| 42:23 | PorT_BarroZo · wall_segment Stone Wall x5 |
| 43:19 | PorT_BarroZo · tribute_sent a jugador 1 |
| 43:19 | PorT_BarroZo · tribute_sent a jugador 2 |
| 43:19 | PorT_BarroZo · tribute_sent a jugador 4 |
| 43:19 | PorT_BarroZo · tribute_sent a jugador 5 |
| 43:19 | PorT_BarroZo · tribute_sent a jugador 6 |
| 43:36 | FootNewtons · first_building Siege Workshop |
| 46:02 | FootNewtons · resign |
[ AI ANALYSIS · 1 CREDIT ]
What really happened in this match?
Wolo.gg analyzes every decision: build order, eco, micro, common mistakes by bracket. Personalized analysis on WhatsApp or Discord in 30 seconds.
Civ guide
Wei
Map guide
Arena
Perfil
PorT_BarroZo